Map: Deathaura LE

Players

SecretPoo - Winner!

  • Race: Terran Terran
  • League: Diamond
  • Spawn Location: 5:00

A.I. 1 (Very Easy)

  • Race: Zerg Zerg
  • Spawn Location: 11:00

VOD

Have the link to the VOD?

Description

Time

  • Played on: Aug. 5, 2020, 8:16 p.m.
  • Length: 14:27
Show
View Real Time Build Order
Export as new Build Order

SecretPoo Terran - Winner!

Build Orders: 2 Factory, Reaper Expand, Mech 

Get SALT Encoding   

  12  0:00  SCV  
  13  0:12  SCV  
  14  0:17  Supply Depot  
  14  0:24  SCV  
  15  0:38  SCV  
  15  0:40  Barracks  
  16  0:45  Refinery  
  16  0:50  SCV  
  17  1:03  SCV  
  18  1:15  SCV  
  19  1:28  Orbital Command  
  19  1:39  Command Center  
  19  1:50  Reaper  
  20  1:57  SCV  
  20  1:59  Supply Depot  
  21  2:09  SCV, Factory  
  22  2:21  SCV  
  23  2:24  Barracks Tech Lab  
  23  2:33  SCV  
  24  2:44  Refinery  
  24  2:45  SCV  
  24  2:51  Orbital Command  
  25  3:02  SCV  
  25  3:03  Barracks Reactor  
  26  3:13  Factory  
  26  3:14  SCV  
  26  3:17  SCV  
  28  3:26  SCV  
  29  3:29  SCV  
  29  3:30  Command Center  
  29  3:33  Siege Tank  
  33  3:39  SCV  
  34  3:41  SCV  
  35  3:52  SCV, Supply Depot  
  35  3:53  SCV  
  37  4:04  SCV  
  37  4:05  Siege Tank  
  37  4:06  SCV  
  37  4:09  Hellion x2  
  46  4:16  SCV  
  47  4:18  SCV, Supply Depot  
  47  4:20  Refinery  
  48  4:28  SCV  
  48  4:30  SCV, Hellion x2  
  54  4:33  Refinery  
  54  4:39  Siege Tank  
  54  4:40  SCV  
  54  4:41  Supply Depot  
  54  4:42  SCV  
  59  4:51  Armory, Supply Depot  
  59  4:52  SCV  
  61  4:53  Orbital Command  
  61  4:55  Engineering Bay  
  61  4:56  SCV  
  61  5:04  SCV  
  62  5:08  SCV  
  62  5:13  Hellion x2  
  67  5:15  Supply Depot  
  67  5:16  Orbital Command, SCV  
  67  5:20  SCV  
  69  5:30  Siege Tank  
  69  5:34  SCV x2, Hellion x2  
  78  5:37  Supply Depot  
  78  5:43  Command Center  
  78  5:46  SCV x3  
  81  5:58  SCV x3  
  81  5:59  Factory x2  
  81  6:01  Factory  
  84  6:04  Factory  
  84  6:10  SCV x3  
  87  6:12  Thor  
  87  6:14  Hellbat  
  95  6:22  SCV x3  
  98  6:29  Terran Vehicle Weapons Level 1  
  98  6:32  Armory  
  98  6:33  Missile Turret  
  98  6:35  Missile Turret  
  98  6:37  Missile Turret, SCV x2  
  98  6:38  SCV  
  98  6:39  Refinery  
  101  6:42  Refinery  
  101  6:44  Factory Reactor, Factory Tech Lab  
  101  6:45  Factory Tech Lab  
  101  6:49  Hellion x2  
  101  6:52  Factory Tech Lab  
  105  6:54  SCV  
  105  6:55  SCV x2  
  108  7:07  SCV x3  
  111  7:13  Supply Depot  
  111  7:19  Missile Turret  
  111  7:20  Missile Turret  
  111  7:21  Supply Depot  
  111  7:23  SCV x3, Supply Depot  
  114  7:30  Thor  
  114  7:34  Thor, Terran Vehicle And Ship Armor Level 1  
  114  7:35  SCV x3  
  129  7:37  Supply Depot  
  129  7:44  Planetary Fortress  
  129  7:47  SCV x3  
  129  7:51  Refinery  
  132  7:53  Refinery  
  132  7:59  Command Center  
  132  8:01  Thor  
  138  8:08  SCV x2  
  138  8:09  SCV  
  141  8:16  Thor  
  141  8:17  Hellbat, Hellion x2  
  153  8:31  Supply Depot  
  153  8:35  Terran Vehicle Weapons Level 2  
  153  8:36  Supply Depot  
  153  8:38  Neosteel Armor  
  153  8:52  Thor  
  153  8:55  Hellbat x2  
  163  8:58  Thor, Hellbat  
  171  9:04  Thor, Supply Depot  
  171  9:09  Supply Depot  
  177  9:10  Thor  
  183  9:18  Infernal Pre-Igniter, Command Center  
  183  9:20  Smart Servos  
  183  9:28  Hellbat x2  
  183  9:29  Hellbat x2  
  191  9:35  Thor  
  197  9:39  Factory  
  197  9:41  Factory  
  197  9:52  Factory  
  197  9:59  Supply Depot  
  197  10:00  Planetary Fortress  
  197  10:01  Supply Depot  
  197  10:02  Hellbat, Factory  
  197  10:04  Terran Vehicle And Ship Armor Level 2  
  199  10:25  Factory Tech Lab  
  199  10:26  Factory Tech Lab  
  199  10:40  Sensor Tower  
  199  10:41  Sensor Tower  
  199  10:45  Sensor Tower  
  199  10:50  Missile Turret  
  199  10:56  Sensor Tower  
  199  11:02  Hellion x2  
  199  11:08  Command Center  
  199  11:09  Terran Vehicle Weapons Level 3  
  199  11:11  Hi-Sec Auto Tracking  
  199  11:41  Factory  
  199  11:43  Factory  
  199  11:47  Factory  
  199  11:49  Factory  
  199  11:50  Factory  
  199  11:51  Factory  
  199  11:54  Refinery  
  197  12:13  Planetary Fortress  
  195  12:26  Refinery  
  195  12:31  Missile Turret  
  195  12:38  Refinery  
  195  12:40  Refinery  
  195  12:47  Factory Reactor  
  195  12:50  Factory Tech Lab x7  
  194  13:23  Command Center  
  194  13:28  Command Center  
  194  13:31  Command Center  
  194  13:47  Command Center  
  194  14:11  Command Center  
Show
View Real Time Build Order
Export as new Build Order

A.I. 1 (Very Easy) Zerg 

Build Orders: Pool First 

Get SALT Encoding   

  12  0:01  Drone  
  13  0:12  Overlord  
  13  0:16  Drone  
  14  0:35  Spawning Pool  
  13  0:36  Extractor  
  13  0:39  Drone  
  13  0:47  Drone  
  14  0:52  Overlord  
  14  1:22  Zergling x2  
  14  1:24  Queen  
  17  1:32  Roach Warren  
  16  1:33  Extractor  
  16  1:36  Drone  
  16  1:43  Drone  
  17  1:49  Zergling x2  
  18  2:03  Drone  
  19  2:10  Drone  
  20  2:16  Zergling x2  
  20  2:19  Drone  
  22  2:29  Overlord  
  22  2:34  Drone  
  23  2:42  Drone  
  23  2:44  Roach  
  26  2:49  Drone  
  27  4:11  Zergling x2  
  27  7:15  Lair, Drone  
  28  7:20  Hatchery  
  28  7:22  Drone  
  28  7:29  Drone  
  29  7:36  Drone  
  28  7:52  Zergling x2  
  26  8:15  Overseer  
  26  8:16  Overseer  
  26  8:33  Drone  
  27  8:34  Roach  
  27  8:36  Extractor  
  27  8:40  Drone  
  29  8:42  Extractor  
  29  8:47  Drone  
  29  8:54  Drone  
  30  9:02  Drone  
  31  9:09  Drone  
  32  9:16  Drone, Ravager  
  36  9:17  Roach  
  36  9:23  Drone  
  37  9:24  Overlord  
  37  9:30  Drone  
  38  9:37  Drone  
  39  9:44  Drone  
  40  9:52  Drone  
  41  9:59  Drone  
  42  10:06  Drone  
  43  10:13  Drone  
  44  10:20  Drone  
  45  10:22  Overlord  
  45  10:28  Drone  
  46  10:35  Drone  
  47  10:42  Drone  
  48  12:07  Drone  
  48  12:37  Pneumatized Carapace  
  48  12:39  Overlord x2, Roach, Hydralisk Den, Overseer  
  48  12:40  Drone  
  44  13:03  Roach  
  46  13:23  Overlord  
  46  13:24  Overseer  
  43  13:27  Hydralisk  
  43  13:28  Infestation Pit  
  35  13:34  Drone  
  35  13:39  Queen  
  24  13:41  Drone  
  24  13:44  Overseer  
  24  13:45  Overlord  
  20  13:48  Drone  
  20  13:52  Roach  
  20  13:55  Drone  
  16  14:04  Drone  
Tags
 
Add a new tag
Caveats
  • Supply blocks, unpowered buildings, or Contaminate may cause inaccurate times.
  • Supply counts are checked every 10 seconds.